AoeStats
← ema.frigo

Fortress

510111979Analyzed
3v3 RM · 2d ago on Sep 29, 2026· 59m 10s· 6 players
Game mode
Random Map
Map size
Large (8 player)
Population
200
Speed
Normal
Resources
Standard
Victory
Conquest
Starting age
Dark Age
Ending age
Imperial Age
RankedLock teamsTeams togetherTeam positionsShared explorationLock speedFull tech treeHidden civsTurbo modeCheats
Victory
Defeat
🇺🇸 Bohemians · United States
724
+8
🇧🇷 Byzantines · Brazil
722
+8
🇨🇳 Saxons · China
611
+13
🇧🇪 Poles · Belgium
580
-11
🇷🇸 Tatars · Serbia
550
-10
🇬🇧 Inca · United Kingdom
486
-8
nejmi0
10:35 Feudal Age
11:12 Double-Bit Axe
12:31 Wheelbarrow
12:19 Horse Collar
13:17 Man-at-Arms
14:14 Stone Mining
14:15 Gold Mining
20:50 Castle Age
19:37 Scale Mail Armor
19:38 Padded Archer Armor
21:06 Forging
22:34 Pikeman
23:33 Chain Mail Armor
23:28 Long Swordsman
25:21 Crossbowman
26:38 Iron Casting
25:54 Fletching
26:10 Scale Barding Armor
26:12 Heavy Plow
26:28 Bow Saw
27:51 Squires
30:16 Hand Cart
35:28 Imperial Age
33:09 Caravan
32:36 Elite Skirmisher
33:46 Leather Archer Armor
33:55 Bodkin Arrow
35:08 Town Watch
35:09 Loom
36:03 Two-Handed Swordsman
37:14 Town Patrol
38:05 Champion
39:23 Crop Rotation
40:11 Plate Mail Armor
40:41 Blast Furnace
40:16 Chain Barding Armor
42:29 Cavalier
44:06 Bracer
43:56 Arbalester
Leggy Mountbatten
0:32 Loom
8:44 Feudal Age
9:11 Horse Collar
9:17 Double-Bit Axe
9:24 Gold Mining
16:17 Castle Age
15:02 Stone Mining
15:03 Arson
17:13 Heavy Plow
18:51 Squires
21:17 Bow Saw
22:13 Town Watch
26:13 Gold Shaft Mining
26:17 Pikeman
28:40 Caravan
30:13 Stone Shaft Mining
31:08 Guard Tower
31:15 Murder Holes
32:11 Town Patrol
33:27 Andean Sling
38:47 Imperial Age
36:54 Wheelbarrow
36:49 Forging
36:30 Fletching
36:54 Scale Mail Armor
37:02 Padded Archer Armor
38:29 Fortified Wall
38:40 Ballistics
38:58 Chain Mail Armor
39:19 Iron Casting
38:48 Bodkin Arrow
40:53 Keep
41:56 Fabric Shields
41:29 Sappers
42:20 Conscription
43:50 Hand Cart
ema.frigo
3:09 Loom
7:13 Feudal Age
16:08 Castle Age
15:32 Stone Mining
15:36 Gold Mining
15:36 Double-Bit Axe
15:41 Horse Collar
25:18 Bow Saw
31:04 Imperial Age
30:30 Wheelbarrow
29:41 Town Watch
30:21 Caravan
30:57 Forging
31:42 Hand Cart
31:56 Heavy Camel Rider
33:30 Town Patrol
34:09 Iron Casting
34:12 Onager
36:57 Elite Keshik
40:08 Silk Armor
40:29 Conscription
40:50 Conscription
Boundless316
2:09 Loom
7:09 Feudal Age
8:36 Wheelbarrow
7:52 Double-Bit Axe
7:50 Horse Collar
15:00 Castle Age
16:03 Hand Cart
16:01 Bow Saw
15:54 Heavy Plow
28:15 Imperial Age
26:08 Caravan
26:01 Fletching
26:24 Forging
27:57 Coinage
28:39 Wagenburg Tactics
29:48 Chemistry
29:10 Ballistics
31:12 Two-Man Saw
30:24 Padded Archer Armor
30:25 Scale Mail Armor
30:20 Bodkin Arrow
29:52 Pikeman
30:33 Squires
31:07 Town Watch
32:00 Masonry
32:32 Conscription
32:21 Arson
32:00 Halberdier
33:34 Houfnice
35:22 Bracer
35:38 Leather Archer Armor
35:39 Chain Mail Armor
37:39 Siege Engineers
38:09 Ring Archer Armor
38:10 Plate Mail Armor
38:16 Iron Casting
38:52 Architecture
38:34 Fortified Wall
38:23 Murder Holes
38:15 Arrowslits
40:13 Elite Hussite Wagon
43:24 Blast Furnace
42:30 Scale Barding Armor
42:50 Bombard Tower
42:22 Guard Tower
42:41 Hussite Reforms
45:34 Capped Ram
45:36 Heavy Scorpion
45:38 Onager
55:06 Guilds
55:27 Banking
59:29 Fervor
59:41 Sanctity
60:01 Chain Barding Armor
TH*[KL]
0:45 Loom
1:38 Loom
2:45 Loom
9:54 Feudal Age
11:29 Double-Bit Axe
11:26 Horse Collar
12:23 Wheelbarrow
18:37 Castle Age
17:17 Gold Mining
18:45 Stone Mining
19:12 Forging
19:02 Scale Mail Armor
19:07 Scale Barding Armor
18:54 Fletching
19:04 Padded Archer Armor
20:27 Hand Cart
20:19 Heavy Plow
22:18 Caravan
24:26 Fervor
27:03 Bow Saw
30:38 Imperial Age
27:40 Pikeman
28:59 Light Cavalry
30:06 Chain Barding Armor
29:42 Bodkin Arrow
30:35 Fortified Wall
31:02 Arson
31:27 Guard Tower
32:33 Redemption
32:41 Block Printing
33:42 Chemistry
33:16 Conscription
36:23 Keep
39:21 Gold Shaft Mining
38:47 Elite Cataphract
40:57 Logistica
42:53 Elite Skirmisher
43:40 Devotion
44:09 Illumination
44:19 Theocracy
43:17 Halberdier
47:48 Plate Barding Armor
50:34 Iron Casting
50:07 Bracer
53:30 Squires
58:21 Bombard Tower
57:49 Arrowslits
58:26 Ballistics
伐木王
0:42 Loom
7:41 Feudal Age
11:07 Wheelbarrow
11:01 Gold Mining
11:00 Double-Bit Axe
15:31 Castle Age
19:28 Bow Saw
19:58 Gold Shaft Mining
19:19 Stone Mining
19:27 Town Watch
23:44 Treadmill Crane
27:37 Caravan
30:20 Murder Holes
30:36 Fortified Wall
30:47 Hand Cart
42:43 Imperial Age
48:18 Masonry
49:19 Town Patrol
50:00 Architecture
49:41 Siege Engineers
49:51 Arrowslits
51:08 Chemistry
Connection lost

Rejoining the realm…

Still unreachable

The connection could not be restored.

Session expired

The server has moved on; the page needs a fresh start.